 Dungeon Crawl Stone Soup version 0.29-a0-998-g1987434951 (webtiles) character file.

Game seed: 12680500651993297816

79 kae the Firebug (level 4, -1/25 HPs)
             Began as a Deep Elf Fire Elementalist on Aug 5, 2022.
             Killed from afar by an orc wizard (7 damage)
             ... with a magic dart
             ... on level 2 of the Dungeon.
             The game lasted 00:01:47 (1974 turns).

kae the Firebug (Deep Elf Fire Elementalist)        Turns: 1974, Time: 00:01:48

Health: -1/25      AC:  3    Str:  5    XL:     4   Next: 17%
Magic:  6/11       EV: 12    Int: 22    God:
Gold:   79         SH:  0    Dex: 15    Spells: 1/10 levels left

rFire   . . .      SeeInvis .   k - +2 dagger (flame)
rCold   . . .      Faith    .   (no shield)
rNeg    . . .      Spirit   .   a - +0 robe
rPois   +          Reflect  .   (no helmet)
rElec   .          Harm     .   (no cloak)
rCorr   .          Rampage  .   d - +0 pair of gloves
Will    .....                   (no boots)
Stlth   ++........              A - amulet of the acrobat
HPRegen 0.08/turn               P - ring of poison resistance
MPRegen 0.12/turn               (no ring)

@: weak-willed, very slightly contaminated, hasted, invisible, very quick
A: no striking features
a: no special abilities


You were on level 2 of the Dungeon.
You visited 1 branch of the dungeon, and saw 2 of its levels.

You collected 79 gold pieces.


   Skills:
 + Level 1.0 Fighting
 - Level 2.4 Dodging
 - Level 2.4 Stealth
 + Level 3.7 Spellcasting
 * Level 2.7 Conjurations
 * Level 4.1 Fire Magic


You had one spell level left.
You knew the following spells:

 Your Spells              Type           Power      Damage    Failure   Level
a - Foxfire               Conj/Fire      76%        2x1d7     2%          1
b - Scorch                Fire           44%        2d7       3%          2
c - Conjure Flame         Conj/Fire      19%        6-21      9%          3
d - Inner Flame           Hex/Fire       13%        N/A       14%         3

Your spell library contained the following spells:

 Spells                   Type           Power      Damage    Failure   Level
 Flame Wave               Conj/Fire      19%        2d7       28%         4

Inventory:

Hand Weapons
 k - a +2 dagger of flaming (weapon)
   (You took it off a goblin on level 1 of the Dungeon)
Missiles
 c - 3 poisoned darts
 e - 21 stones
 g - 5 javelins
Armour
 a - a +0 robe (worn)
 d - a +0 pair of gloves (worn)
   (You found it on level 1 of the Dungeon)
Jewellery
 A - an amulet of the acrobat (around neck)
   (You found it on level 1 of the Dungeon)
 P - a ring of poison resistance (left hand)
   (You found it on level 1 of the Dungeon)
 W - a ring of magical power
   (You found it on level 2 of the Dungeon)
Scrolls
 h - a scroll of identify {@r1}
Potions
 b - a potion of magic
 i - a potion of flight
 l - 2 potions of attraction {!q}

Dungeon Overview and Level Annotations

Branches:
Dungeon (2/15) Zot: 10023

Altars:

# #.# #......... # #.#
#......... ## #.#
#........ .# #.#
....... .## #.# ..#
#.# ..## #.# ...#
#.###########
...###.##.......@#
#...##.##......{†#
#...##.##.......o#
##...#.##........#
.'...#)##........#
###.##.##........#
.......##........#####
###..................#
# #.####.............#


You could see an orc wizard (unable to see you).


Message History

You lost 1 mp, and now have 8/11 mp.
There are monsters nearby!
There are monsters nearby!
Casting: Foxfire (safe; 2% risk of failure)
Confirm with . or Enter, or press ? or * to list all spells.
You conjure some foxfire!
The foxfire hits the orc.
The orc shouts!
The orc wizard casts a spell.
The orc wizard flickers and vanishes!
Deactivating autopickup; reactivate with Ctrl-A.
You hear a shout!
The foxfire hits something.
An orc wizard comes into view. It is wielding a +0 dagger.
The foxfire hits the orc.
A puff of flame appears from out of thin air!
The puff of flame hits you! 😮 HP[-11] MP[-1]
You take 11 damage, and now have 14/25 hp.
MASSIVE DAMAGE!! (PAUSE)
You lost 1 mp, and now have 7/11 mp.
Unknown command. 😮 MP[+1]
Okay, then.
A magic dart appears from out of thin air!
The magic dart hits you!
* * * LOW HITPOINT WARNING * * *
😱 HP[-11]
You take 11 damage, and now have 3/25 hp.
MASSIVE DAMAGE!! (PAUSE) 😱 MP[+1]
Okay, then.
As you read the scroll labelled WOGAELYE KUIK, it crumbles to dust.
Magic quickly surges around you.
It was a scroll of vulnerability.
It was a potion of heal wounds.
You feel much better. 😎 HP[+22]
Your hp is fully restored (25).
Okay, then.
Casting: Foxfire (safe; 2% risk of failure)
Confirm with . or Enter, or press ? or * to list all spells.
The spell is quite dangerous to miscast (16% risk of failure)!
Continue anyway? [Y]es or [N]o only, please.
The spell is quite dangerous to miscast (16% risk of failure)!
Continue anyway?
Okay, then.
Casting: Inner Flame (quite dangerous; 16% risk of failure)
Confirm with . or Enter, or press ? or * to list all spells.
You conjure some foxfire!
The orc wizard mumbles some strange words.
The orc wizard flickers and vanishes!
The foxfire hits the orc.
You kill the orc!
The foxfire hits the giant cockroach. 😎 MP[-1]
You lost 1 mp, and now have 8/11 mp.
Casting: Foxfire (safe; 2% risk of failure)
Confirm with . or Enter, or press ? or * to list all spells.
You conjure some foxfire!
An orc wizard comes into view. It is wielding a +0 dagger.
The foxfire hits the giant cockroach.
You kill the giant cockroach!
The foxfire hits something. 😎 MP[-1]
You lost 1 mp, and now have 7/11 mp.
Casting: Foxfire (safe; 2% risk of failure)
Confirm with . or Enter, or press ? or * to list all spells.
You miscast Foxfire.
You are very lightly contaminated with residual magic.
Nothing appears to happen. 😎 MP[-1]
You lost 1 mp, and now have 6/11 mp.
Casting: Foxfire (safe; 2% risk of failure)
Confirm with . or Enter, or press ? or * to list all spells.
You conjure some foxfire!
A magic dart appears from out of thin air!
The magic dart hits you.
The foxfire hits something. x2
A magic dart appears from out of thin air!
The magic dart hits you. 😮 HP[-8]
You take 8 damage, and now have 17/25 hp.
MASSIVE DAMAGE!! (PAUSE) It was a potion of haste.
You feel yourself speed up.
You hear some strange, mumbled words.
A magic dart appears from out of thin air!
The magic dart hits you.
* * * LOW HITPOINT WARNING * * *
😨 HP[-6]
You take 6 damage, and now have 11/25 hp.
MASSIVE DAMAGE!! (PAUSE) It was a potion of curing.
You feel better. 😮 HP[+5]
You regained 5 hp, and now have 16/25 hp.
It was a potion of invisibility.
You fade into invisibility!
The orc wizard casts a spell at you. The puff of flame hits you!
* * * LOW HITPOINT WARNING * * *
You hear some strange, mumbled words.
A magic dart appears from out of thin air!
The magic dart hits you!
You die...

Skill      XL: |  1  2  3 |
---------------+----------+-----
Conjurations   | 2 |  2.7
Fire Magic     | 4 |  4.1
Fighting       | 1 |  1.0
Dodging        | |  2.4
Stealth        | |  2.4
Spellcasting   | |  3.7

Action                   |  1- 3 |  4- 6 || total
-------------------------+-------+-------++-------
 Cast: Foxfire           |    58 |    20 ||    78
       Scorch            |     9 |       ||     9
  Use: Scroll            |     3 |     1 ||     4
       Potion            |       |     4 ||     4
Armor: Robe              |     3 |       ||     3
Dodge: Dodged            |    14 |       ||    14

Levels and vault maps discovered:
D:1:      elethiomel_arrival_shortcut, layout_basic,
          nicolae_ecumenical_lake_church, minmay_pentomino_v2
D:2:      minmay_razor_zed, layout_basic

Notes
Turn   | Place    | Note
-------+----------+-------------------------------------------
     0 | D:1      | kae the Deep Elf Fire Elementalist began the quest for the
                  | Orb.
     0 | D:1      | Reached XP level 1. HP: 10/10 MP: 6/6
     0 | D:1      | magus.rc [v1.11.3]
   176 | D:1      | Reached XP level 2. HP: 10/15 MP: 5/8
   609 | D:1      | Reached skill level 2 in Conjurations
   711 | D:1      | Found a faded altar of an unknown god.
   806 | D:1      | Learned a level 2 spell: Scorch
  1225 | D:2      | Reached XP level 3. HP: 20/20 MP: 4/9
  1479 | D:2      | Learned a level 3 spell: Conjure Flame
  1485 | D:2      | Reached skill level 4 in Fire Magic
  1562 | D:2      | Reached skill level 1 in Fighting
  1672 | D:2      | Reached XP level 4. HP: 25/25 MP: 7/11
  1737 | D:2      | Learned a level 3 spell: Inner Flame
  1957 | D:2      | HP: 3/25 [something/magic dart (11)]
  1974 | D:2      | HP: 6/25 [orc wizard/puff of flame (10)]
  1974 | D:2      | Killed from afar by an orc wizard

Vanquished Creatures
  3 adders (D:2)
  2 worms (D:2)
  A dart slug (D:1)
  An orc (D:2)
  3 bats
  3 endoplasms
  4 giant cockroaches
  4 hobgoblins
  8 kobolds
  2 quokkas (D:1)
  5 ball pythons
  3 frilled lizards
  2 goblins
  3 rats (D:1)
44 creatures vanquished.

Vanquished Creatures (others)
  127 foxfires
127 creatures vanquished.

Grand Total: 171 creatures vanquished

Table legend:
 A = Non-vault XP
 B = Vault XP
 C = Vault XP percentage of total XP
 D = Non-vault monster count
 E = Vault monster count
 F = Vault count percentage of total count
                 A         B        C        D         E       F
            +---------+---------+-------+---------+---------+-------
      Total |      89 |      25 |  21.9 |      38 |       6 |  13.6
            +---------+---------+-------+---------+---------+-------
        D:1 |      35 |       4 |  10.3 |      22 |       2 |   8.3
        D:2 |      54 |      21 |  28.0 |      16 |       4 |  20.0
            +---------+---------+-------+---------+---------+-------

Illustrated notes

Table legend:
 A = Kills in this place as a percentage of kills in entire the game.
 B = Kills by you in this place as a percentage of kills by you in the entire game.
 C = Kills by friends in this place as a percentage of kills by friends in the entire game.
 D = Other kills in this place as a percentage of other kills in the entire game.
 E = Experience gained in this place as a percentage of experience gained in the entire game.
 F = Experience gained in this place divided by the number of levels of this place that you have seen.
                   A       B       C       D       E      F
               +-------+-------+-------+-------+-------+----------------------
         Total | 100.0 | 100.0 |   N/A |   N/A | 100.0 |  57.0
       Dungeon | 100.0 | 100.0 |   N/A |   N/A | 100.0 |  57.0
               +-------+-------+-------+-------+-------+----------------------

Table legend: (Time is in decaauts)
 A = Elapsed time spent in this place.
 B = Non-inter-level travel time spent in this place.
 C = Inter-level travel time spent in this place.
 D = Time resting spent in this place.
 E = Time spent auto-exploring this place.
 F = Levels seen in this place.
 G = Mean time per level.
                   A        B        C        D        E       F      G
               +--------+--------+--------+--------+--------+-----+--------+
         Total |   1976 |   1965 |     11 |      2 |   1637 |   2 |  988.0 |
       Dungeon |   1976 |   1965 |     11 |      2 |   1637 |   2 |  988.0 |
               +--------+--------+--------+--------+--------+-----+--------+

Top non-repeatable levels by time:
     D:1: 1221 daAuts
     D:2: 754 daAuts
